 Dungeon Crawl Stone Soup version 0.29.1-1-gd02db6906a (webtiles) character file.

Game seed: 15332739076329666805

5630 safid the Marksminotaur (level 10, -2/70 (77) HPs)
             Began as a Minotaur Hunter on Sept 29, 2022.
             Was an Elder of Okawaru.
             Slain by Harold
             ... wielding a +0 dire flail of draining
              (8 damage)
             ... on level 9 of the Dungeon.
             The game lasted 00:16:13 (10258 turns).

safid the Marksminotaur (Minotaur Hunter)          Turns: 10258, Time: 00:16:13

HP:   -2/70 (77)    AC: 12    Str: 15    XL:     10   Next: 46%
MP:   9/9           EV: 12    Int:  6    God:    Okawaru [****..]
Gold: 562           SH:  0    Dex: 19    Spells: 9/9 levels left

rFire   + . .      SeeInvis .   j - +9 triple crossbow (freeze)
rCold   . . .      Faith    .   (shield currently unavailable)
rNeg    . . .      Spirit   .   c - +0 leather armour
rPois   .          Reflect  .   y - +1 hat
rElec   .          Harm     .   G - +2 cloak {rCorr}
rCorr   +          Rampage  .   (no gloves)
Will    .....                   k - +0 pair of boots
Stlth   ++........              (no amulet)
HPRegen 0.21/turn               h - +4 ring of protection
MPRegen 0.11/turn               B - ring of protection from fire

@: drained
A: horns 2, retaliatory headbutt
a: Renounce Religion, Heroism, Finesse


You were on level 9 of the Dungeon.
You worshipped Okawaru.
Okawaru was greatly pleased with you.
You visited 2 branches of the dungeon, and saw 10 of its levels.
You also visited: Sewer and Ossuary.

You collected 742 gold pieces.
You spent 180 gold pieces at shops.

Inventory:

Hand Weapons
 j - a +9 triple crossbow of freezing (weapon)
 x - the +8 sling "Nyeth" {speed, rC+}
   (You found it on level 4 of the Dungeon)

   Attacks with this weapon are significantly faster.
   rC:        It protects you from cold.
Missiles
 J - 2 curare-tipped darts
Armour
 c - a +0 leather armour (worn)
 k - a +0 pair of boots (worn)
 y - a +1 hat (worn)
 G - a +2 cloak of preservation (worn)
Jewellery
 h - a +4 ring of protection (left hand)
 t - a ring of ice
 B - a ring of protection from fire (right hand)
 H - an amulet of the acrobat
Wands
 F - a wand of flame (24)
Scrolls
 a - a scroll of enchant armour {unknown}
 b - 5 scrolls of immolation
 d - 5 scrolls of teleportation
 m - 3 scrolls of fog
 q - a scroll of amnesia {unknown}
 u - 3 scrolls of vulnerability
 v - a scroll of fear {unknown}
 w - a scroll of poison {unknown}
 K - a scroll of enchant weapon
Potions
 e - 3 potions of might {unknown}
 f - 4 potions of attraction
 g - a potion of resistance {unknown}
 i - a potion of flight {unknown}
 l - 6 potions of heal wounds
 n - a potion of haste {unknown}
 o - 2 potions of ambrosia {unknown}
 p - 2 potions of degeneration {unknown}
 r - a potion of berserk rage {unknown}
 s - 3 potions of brilliance {unknown}
 z - 3 potions of lignification {unknown}
 A - 5 potions of curing {unknown}
 C - a potion of cancellation {unknown}
 D - 2 potions of mutation {unknown}
 E - 3 potions of magic {unknown}
 I - a potion of invisibility


   Skills:
 - Level 3.0 Fighting
 + Level 17.1 Ranged Weapons
 - Level 2.1 Dodging
 - Level 0.7 Stealth


You had 9 spell levels left.
You didn't know any spells.
Your spell library contained the following spells:

 Spells                   Type           Power      Damage    Failure   Level
 Slow                     Hex            0%         N/A       52%         1
 Confusing Touch          Hex            0%         N/A       88%         3
 Conjure Flame            Conj/Fire      0%         6-21      88%         3
 Frozen Ramparts          Ice            0%         1d1       88%         3
 Ignite Poison            Fire/Tmut/Pois 0%         N/A       88%         3
 Ozocubu's Armour         Ice            0%         N/A       88%         3
 Vampiric Draining        Necr           0%         2d6       88%         3
 Ice Form                 Ice/Tmut       0%         N/A       99%         4
 Sticky Flame             Conj/Fire      0%         2d3       99%         4
 Eringya's Noxious Bog    Tmut/Pois      0%         N/A       100%        6
 Statue Form              Tmut/Erth      0%         N/A       100%        6
 Animate Dead             Necr           Unusable   N/A       N/A         4
 Summon Ice Beast         Ice/Summ       Unusable   N/A       N/A         4
 Haunt                    Necr/Summ      Unusable   N/A       N/A         7
 Infestation              Necr           Unusable   N/A       N/A         8

Dungeon Overview and Level Annotations

Branches:
Dungeon (9/15)             Temple (1/1) D:4           Sewer (visited)
Ossuary (visited)
   Lair: D:8-11         Orc: D:9-12

Altars:
Ashenzari
Cheibriados
Dithmenos
Elyvilon
Fedhas
Gozag
Hepliaklqana
Kikubaaqudgha
Makhleb
Nemelex Xobeh
Okawaru
Qazlal
Ru
Sif Muna
Trog
Uskayaw
Vehumet
Wu Jian
Xom
Yredelemnul
Zin
The Shining One

Shops:
D:1 [   D:8 :

Annotations:
D:3 3 runed translucent doors, Animoz's ghost, amateur BaFi
D:9 Harold


Innate Abilities, Weirdness & Mutations

You have a pair of horns on your head.
You reflexively headbutt those who attack you in melee.


Message History

You add the spells Conjure Flame, Ignite Poison and Sticky Flame to your library.
Found a shimmering blue altar of Sif Muna.
Found a basalt altar of Yredelemnul.
Found an opulent altar of Gozag and a sacrificial altar of Ru.
Harold the Weathered comes into view.
He is wielding a +0 dire flail of draining and wearing a +3 chain mail of willpower.
You shoot a bolt. The bolt hits Harold!!
The bolt freezes Harold!
Harold shouts!
Harold is heavily wounded.
You hear a bellow!
Harold throws a throwing net.
The throwing net hits you.
You become entangled in the net!
You are held in a net!
You are held in a net!
You are held in a net!
You are held in a net!
Unknown command.
You struggle against the net.
Harold fires a harpoon shot at you. The harpoon shot hits you!!
You are yanked forward by the harpoon shot.
Found 13 gold pieces.
Harold fires a harpoon shot at you. The harpoon shot hits you!
You are yanked forward by the harpoon shot.
Fire: j) +9 triple crossbow (freeze)
Press: ? - help, Q - select action, (/) - cycle Shift-Dir - straight line, f/p - Harold
Aim: Harold, wielding a +0 dire flail of draining, wearing a +3 chain mail of willpower and quivering 4 throwing nets (heavily wounded, 83% to hit)
You shoot a bolt. The bolt hits Harold.
The bolt freezes Harold.
Harold is heavily wounded.
Harold hits you with a +0 dire flail of draining!!
You feel drained.
Fire: j) +9 triple crossbow (freeze)
Press: ? - help, Q - select action, (/) - cycle Shift-Dir - straight line, f/p - Harold
Aim: Harold, wielding a +0 dire flail of draining, wearing a +3 chain mail of willpower and quivering 4 throwing nets (heavily wounded, 83% to hit)
You shoot a bolt. The bolt hits Harold!!
The bolt freezes Harold.
Harold is almost dead.
Harold hits you with a +0 dire flail of draining!!
* * * LOW HITPOINT WARNING * * *
You feel drained.
You die...

#........### .##
#.......## ...
#.......# .
.$.##.......##### ..
#.#...#........#
...#..............###
...................#
#.@......._..._.##
#.@.............##
#......(...8.....#
##..##...........#
##.####._..._...# ###
#........##
###......# ##....##
######


You could see Harold.

Vanquished Creatures
  A boulder beetle (D:9)
  2 two-headed ogres (D:8)
  A wyvern (D:8)
  5 yaks
  Eustachio (D:5)
  An acid dragon (D:9)
  4 water moccasins
  2 ice beasts
  2 black bears (D:7)
  A centaur (D:9)
  A phantom (D:4)
  2 kobold brigands
  3 bullfrogs
  A scorpion (D:5)
  A necrophage (D:6)
  7 wights
  5 jellies
  3 orc priests
  2 hounds
  2 iguanas
  7 orc wizards
  8 mummies (Ossuary)
  Robin (D:3)
  8 gnolls
  7 adders
  7 river rats (Sewer)
  A shadow imp (D:7)
  A white imp (D:5)
  2 ufetubi
  4 worms
  3 dart slugs
  17 orcs
  6 ball pythons
  3 endoplasms
  6 giant cockroaches
  A gnoll zombie (Ossuary)
  16 goblins
  16 hobgoblins
  7 jackals
  5 quokkas
  5 bats
  5 frilled lizards
  5 hobgoblin zombies (Ossuary)
  16 kobolds
  2 kobold zombies (Ossuary)
  14 rats
220 creatures vanquished.

Vanquished Creatures (others)
  6 plants (Sewer)
6 creatures vanquished.

Grand Total: 226 creatures vanquished

Notes
Turn   | Place    | Note
-------+----------+-------------------------------------------
     0 | D:1      | safid the Minotaur Hunter began the quest for the Orb.
     0 | D:1      | Reached XP level 1. HP: 18/18 MP: 0/0
    45 | D:1      | Reached XP level 2. HP: 25/25 MP: 1/1
   201 | D:1      | Found Widyvem's Antique Armour Shop.
   365 | D:1      | Reached skill level 5 in Ranged Weapons
   537 | D:1      | Reached XP level 3. HP: 31/31 MP: 2/2
  1916 | D:3      | Reached skill level 6 in Ranged Weapons
  1916 | D:3      | Reached XP level 4. HP: 37/38 MP: 3/3
  2533 | D:3      | Reached XP level 5. HP: 45/45 MP: 4/4
  2551 | D:3      | Reached skill level 7 in Ranged Weapons
  2579 | D:3      | Noticed Robin
  2920 | D:3      | Killed Robin
  3031 | D:3      | Found a runed translucent gate.
  3032 | D:3      | Found a runed translucent gate.
  3033 | D:3      | Found a runed translucent gate.
  3034 | D:3      | Noticed Animoz's ghost (amateur BaFi)
  3318 | D:3      | Found a glowing silver altar of Zin.
  3698 | D:4      | Found a glowing golden altar of the Shining One.
  3772 | D:4      | Noticed a phantom
  3793 | D:4      | Killed a phantom
  3794 | D:4      | Reached skill level 8 in Ranged Weapons
  3794 | D:4      | Reached XP level 6. HP: 32/51 MP: 5/5
  3995 | D:4      | Identified the +8 sling "Nyeth" {speed, rC+}
  3998 | D:4      | Noticed a water moccasin
  4004 | D:4      | Killed a water moccasin
  4217 | D:4      | Found a staircase to the Ecumenical Temple.
  4223 | Temple   | Entered the Ecumenical Temple
  4405 | Temple   | Became a worshipper of Warmaster Okawaru
  4470 | D:4      | Reached skill level 9 in Ranged Weapons
  4900 | D:5      | Entered Level 5 of the Dungeon
  5061 | D:5      | Reached XP level 7. HP: 57/57 MP: 6/6
  5085 | D:5      | Found a glowing drain.
  5093 | Sewer    | Entered a sewer
  5725 | D:5      | Noticed Eustachio
  5730 | D:5      | Killed Eustachio
  5731 | D:5      | Reached skill level 10 in Ranged Weapons
  5802 | D:5      | Identified the +2 plate armour of the Devil's Team {rN+}
  6368 | D:1      | Bought a runed cloak for 180 gold pieces
  6756 | D:5      | Identified a scroll of acquirement
  6758 | D:5      | Acquired a +5 triple crossbow of freezing
  6771 | D:6      | Reached * piety under Okawaru
  6784 | D:6      | Reached skill level 11 in Ranged Weapons
  6784 | D:6      | Reached XP level 8. HP: 63/63 MP: 7/7
  6806 | D:6      | Found a sand-covered staircase.
  6811 | Ossuary  | Entered an ossuary
  7049 | D:6      | Got the Catalogue of the Inconstant Glacier
  7279 | D:6      | Reached skill level 12 in Ranged Weapons
  7788 | D:7      | Identified the +6 flail of the Madman {drain, Stlth+}
  8073 | D:7      | Reached ** piety under Okawaru
  8074 | D:7      | Reached skill level 13 in Ranged Weapons
  8405 | D:7      | Reached XP level 9. HP: 69/69 MP: 8/8
  8554 | D:8      | Noticed a two-headed ogre
  8872 | D:8      | Noticed a two-headed ogre
  8878 | D:8      | Killed a two-headed ogre
  8879 | D:8      | Reached skill level 14 in Ranged Weapons
  8883 | D:7      | Reached *** piety under Okawaru
  8883 | D:7      | Received a gift from Okawaru
  9411 | D:8      | Reached skill level 15 in Ranged Weapons
  9466 | D:8      | Found Zibba's Book Emporium.
  9471 | D:8      | Killed a two-headed ogre
  9633 | D:8      | Reached XP level 10. HP: 66/77 MP: 9/9
  9982 | D:9      | Reached skill level 16 in Ranged Weapons
 10175 | D:9      | Noticed a boulder beetle
 10176 | D:9      | Reached **** piety under Okawaru
 10181 | D:9      | Killed a boulder beetle
 10182 | D:9      | Reached skill level 17 in Ranged Weapons
 10238 | D:9      | Found a shimmering blue altar of Sif Muna.
 10241 | D:9      | Found a basalt altar of Yredelemnul.
 10242 | D:9      | Found an opulent altar of Gozag.
 10242 | D:9      | Found a sacrificial altar of Ru.
 10253 | D:9      | Noticed Harold
 10258 | D:9      | Slain by Harold

Illustrated notes

Levels and vault maps discovered:
D:1:      wander_arrival_lonely_grave, layout_basic, serial_shops,
          nicolae_shop_waterfront, grunt_decor_arrowhead, chequers_jeans,
          minmay_pentomino_o4
D:2:      minmay_skewed_foursquare, layout_loops_corners,
          kennysheep_nondescript, corexii_hall_statues_l, serial_bayou_pond_e,
          st_stairs_8, grunt_ministairs_11
D:3:      layout_loops_cross, zin_scriptorium, gammafunk_ghost_split,
          minmay_strange_pillars, uniq_robin, uniq_crazy_yiuf_cottage
D:4:      layout_loops_ring, tso_metal_star, minmay_temple_entry_wispy
D:5:      layout_basic, gup_sewer_entry_bubbles, dk_noncrumbling_3,
          uniq_eustachio
D:6:      layout_loops_ring, nicolae_ossuary_entry_false_entrances
D:7:      layout_cave_pods
D:8:      layout_loops_ring, serial_shops, nicolae_take_the_stairs,
          minmay_crossroads
D:9:      cheibrodos_grave_circle, layout_cave_pools,
          grunt_temple_overflow_open, david_orc_5, uniq_harold
Temple:   nicolae_temple_slightly_damp_pantheon

Skill      XL: |  1  2  3  4  5  6  7  8  9 10 |
---------------+-------------------------------+-----
Fighting       | 3 |  3.0
Ranged Weapons | 5 6 8 9 11 13 15 17 | 17.1
Dodging        | |  2.1
Stealth        | |  0.7

Action                   |  1- 3 |  4- 6 |  7- 9 | 10-12 || total
-------------------------+-------+-------+-------+-------++-------
 Fire: Shortbow          |   112 |   165 |       |       ||   277
       Sling             |       |    32 |    82 |       ||   114
       Triple crossbow   |       |       |   118 |    34 ||   152
  Use: Scroll            |       |       |    17 |       ||    17
Armor: Leather armour    |    10 |    50 |    46 |     7 ||   113
Dodge: Dodged            |    17 |    54 |    61 |    10 ||   142
